 Dungeon Crawl Stone Soup version 0.31.0-4-g52a2dc7128 (webtiles) character file.

Game seed: 16977619692806390755

397 LeprechaunX the Cutter (level 7, -8/36 (42) HPs)
             Began as a Kobold Reaver on Jan 22, 2024.
             Was an Initiate of Ashenzari.
             Mangled by an ogre
             ... wielding a +0 giant club
              (23 damage)
             ... on level 4 of the Dungeon.
             The game lasted 00:08:48 (3468 turns).

LeprechaunX the Cutter (Kobold Reaver)              Turns: 3468, Time: 00:08:48

HP:   -8/36 (42)    AC:  6    Str: 18    XL:     7   Next: 10%
MP:   11/12         EV: 12    Int: 14    God:    Ashenzari [......]
Gold: 166           SH:  8    Dex: 13    Spells: 12/13 levels left

rFire   . . .        e - +4 dagger
rCold   . . .        k - +0 kite shield
rNeg    . . .        r - +0 ring mail
rPois   .            (no helmet)
rElec   .            (no cloak)
rCorr   .            j - +0 pair of gloves
SInv    .            (no boots)
Will    .....        (no amulet)
Stlth   ++           h - +6 ring of strength
HPRegen 0.26/turn    (no ring)
MPRegen 0.13/turn

%: no passive effects
@: heavily drained
A: small, no large weapons, nightstalker 3
a: Renounce Religion


You were on level 4 of the Dungeon.
You worshipped Ashenzari.
Ashenzari was noncommittal.
You visited 1 branch of the dungeon, and saw 4 of its levels.

You collected 166 gold pieces.

Inventory:

Hand Weapons
 a - a +0 short sword
 e - a +4 dagger (weapon)
Missiles
 i - 6 atropa-tipped darts (quivered)
 q - 3 boomerangs
 s - a throwing net
Armour
 b - a +0 leather armour
 j - a +0 pair of gloves (worn)
 k - a +0 kite shield (worn)
 n - a +0 scale mail
 r - a +0 ring mail (worn)
Jewellery
 h - a +6 ring of strength (left hand)
Scrolls
 d - a scroll of poison {unknown}
 f - 4 scrolls of identify {unknown}
 m - a scroll of revelation {unknown}
 o - a scroll of teleportation {unknown}
 p - a scroll of noise {unknown}
Potions
 c - a potion of brilliance {unknown}
 g - a potion of curing {unknown}
 l - 2 potions of might {unknown}
 t - a potion of degeneration {unknown}


   Skills:
 + Level 3.7 Fighting
 - Level 5.0 Short Blades
 + Level 2.6 Throwing
 - Level 0.2 Armour
 - Level 3.0 Dodging
 - Level 0.4 Stealth
 + Level 1.2 Shields
 + Level 3.5 Spellcasting
 + Level 4.2 Conjurations
 + Level 0.7 Necromancy


You had 12 spell levels left.
You knew the following spells:

 Your Spells              Type           Power      Damage    Failure   Level
a - Kiss of Death         Conj/Necr      36%        2d8       36%         1

Your spell library contained the following spells:

 Spells                   Type           Power      Damage    Failure   Level
 Momentum Strike          Conj/Tloc      16%        3d8       56%         2
 Hailstorm                Conj/Ice       8%         3d5       80%         3
 Ensorcelled Hibernation  Hex/Ice        4%         N/A       86%         2
 Fugue of the Fallen      Necr           4%         N/A       94%         3
 Tukima's Dance           Hex            2%         N/A       97%         3
 Anguish                  Hex/Necr       1%         N/A       100%        4
 Passage of Golubria      Tloc           2%         N/A       100%        4
 Yara's Violent Unravell  Hex/Alch       1%         3d3       100%        5


Dungeon Overview and Level Annotations

Branches:
Dungeon (4/15)
 Temple: D:4-7

Altars:
Ashenzari
Hepliaklqana
Nemelex Xobeh
Zin

Shops:
D:4 *


Innate Abilities, Weirdness & Mutations

You are small and have problems with some larger weapons.
You are completely attuned to the shadows.


Message History

You hit the orc.
You kill the orc!
An orc comes into view. It is wielding a +0 trident.
You closely miss the orc. You block the orc's attack.
The orc shouts!
You hit the orc.
The orc is heavily wounded.
You hear a shout!
A quokka comes into view.
You block the orc's attack.
You hit the orc.
You kill the orc!
Casting: Kiss of Death (safe; 36% risk of failure)
Confirm with . or Enter, or press ? or * to list all spells.
Aiming: Kiss of Death (safe; 36% risk of failure)
Press: ? - help, Shift-Dir - straight line, f - ogre
Aim: an ogre, wielding a +0 giant club (100% to hit)
The negative energy hits the ogre!
The ogre is drained!
The ogre is moderately wounded.
You feel drained.
The orc wizard mumbles some strange words.
The orc wizard flickers and vanishes!
Deactivating autopickup; reactivate with Ctrl-A.
The ogre hits you with a +0 giant club!
You hit the ogre.
The ogre is heavily wounded.
The ogre closely misses you.
You hit the ogre.
The ogre is severely wounded.
The orc hits you from afar with a +0 trident.
You hit the ogre.
The ogre is severely wounded.
The orc hits you from afar with a +0 trident.
You block the ogre's attack.
You hit the ogre.
The ogre is almost dead.
You block the orc's attack.
The ogre hits you with a +0 giant club!!
Ouch! That really hurt!
You die...

#..# .. #..#
...
#..####...
.##..##oro..
.....@O{#
###..####
#..# ...
##..### ..#
# #.....#
###.#
#.##.#.#.#
<...#
#....#.#.#
...###
###...)#.#
##...####
#..#.)).#


You could see an ogre (drained), 2 orcs and a quokka.

Vanquished Creatures
  A phantom (D:3)
  A howler monkey (D:4)
  A jelly (D:3)
  2 orc priests
  Natasha (thrice) (D:2)
  2 adders
  2 ribbon worms
  11 orcs
  6 ball pythons
  4 bats
  An endoplasm (D:2)
  4 giant cockroaches
  10 goblins
  13 hobgoblins
  5 jackals
  6 kobolds
  2 quokkas
  6 frilled lizards (D:1)
  2 rats (D:1)
82 creatures vanquished.

Notes
Turn   | Place    | Note
-------+----------+-------------------------------------------
     0 | D:1      | LeprechaunX the Kobold Reaver began the quest for the Orb.
     0 | D:1      | Reached XP level 1. HP: 12/12 MP: 3/3
   124 | D:1      | Reached XP level 2. HP: 12/17 MP: 5/5
   374 | D:1      | Reached XP level 3. HP: 22/22 MP: 6/6
   415 | D:1      | Found a faded altar of an unknown god.
   794 | D:2      | Noticed Natasha
   802 | D:2      | Killed Natasha
   803 | D:2      | Reached XP level 4. HP: 8/26 MP: 5/7
   921 | D:2      | Reached skill level 5 in Short Blades
  1216 | D:2      | Reached skill level 1 in Throwing
  1370 | D:2      | Noticed Natasha
  1636 | D:2      | Reached XP level 5. HP: 31/32 MP: 8/8
  1740 | D:2      | Killed Natasha
  1757 | D:2      | Noticed Natasha
  1772 | D:2      | Killed Natasha
  2245 | D:3      | Reached XP level 6. HP: 36/37 MP: 10/10
  2270 | D:3      | Reached skill level 1 in Shields
  2739 | D:3      | Found a hazy altar of Hepliaklqana.
  2819 | D:3      | Found a broken altar of Ashenzari.
  2937 | D:3      | Found a sparkling altar of Nemelex Xobeh.
  2937 | D:3      | Found a glowing silver altar of Zin.
  3244 | D:3      | Became a worshipper of Ashenzari the Shackled
  3298 | D:4      | Found Xummoli's Mass Market.
  3363 | D:4      | Reached XP level 7. HP: 42/42 MP: 12/12
  3468 | D:4      | Mangled by an ogre

Illustrated notes

Levels and vault maps discovered:
D:1:      co_arrival_square_in_a_square_in_a_square, layout_basic,
          hellmonk_ecumenical_altar_arch_garden
D:2:      cheibrodos_greedy_goblins, layout_basic, st_stairs_11, uniq_natasha
D:3:      wander_river, layout_loops_ring, mainiacjoe_overflow_catwalk,
          nicolae_ashenzari_skybound, gammafunk_temple_overflow_elements
D:4:      layout_rooms, nzn_wu_jian_contemplation, kennysheep_okawaru_gauntlet,
          minmay_shop_mass

Skill      XL: |  1  2  3  4  5  6 |
---------------+-------------------+-----
Short Blades   | 5 |  5.0
Throwing       | 1 2 |  2.6
Fighting       | 3 |  3.7
Dodging        | 3 |  3.0
Spellcasting   | 3 |  3.5
Shields        | 1 |  1.2
Conjurations   | 4 |  4.2
Armour         | |  0.2
Stealth        | |  0.4
Necromancy     | |  0.7

Action                     |  1- 3 |  4- 6 |  7- 9 || total
---------------------------+-------+-------+-------++-------
  Melee: Short sword       |    33 |       |       ||    33
         Dagger            |    44 |   171 |    35 ||   250
         Punch             |     1 |       |       ||     1
  Throw: Dart              |       |     3 |       ||     3
   Cast: Kiss of Death     |     2 |     1 |     1 ||     4
   Stab: Sleeping          |     8 |    10 |       ||    18
 Armour: Leather armour    |    23 |    39 |       ||    62
         Ring mail         |       |     7 |     8 ||    15
  Dodge: Dodged            |    45 |    67 |    14 ||   126
  Block: Kite shield       |       |    12 |    14 ||    26
